 Dungeon Crawl Stone Soup version 0.24.0-123-gd5b16e6ec5 (webtiles) character file.

Game seed: 8000776223277041160, levelgen mode: deterministic

1545 FishyPogo the Insei (level 8, -2/61 HPs)
             Began as a Gnoll Transmuter on Dec 30, 2019.
             Was a Follower of Okawaru.
             Slain by a wight
             ... wielding a +0 morningstar
              (11 damage)
             ... on level 6 of the Dungeon.
             The game lasted 00:17:32 (5312 turns).

FishyPogo the Insei (Gnoll Transmuter)              Turns: 5312, Time: 00:17:33

Health: -2/61      AC:  2    Str: 15    XL:     8   Next: 87%
Magic:  14/17      EV: 32    Int: 15    God:    Okawaru [*.....]
Gold:   366        SH:  0    Dex: 21    Spells: 9/19 levels left

rFire    . . .     SeeInvis .     - Unarmed
rCold    . . .     Gourm    .   (shield currently unavailable)
rNeg     . . .     Faith    .   (armour currently unavailable)
rPois    x         Spirit   .   (helmet currently unavailable)
rElec    .         Reflect  .   (cloak currently unavailable)
rCorr    .         Harm     .   (gloves currently unavailable)
MR       .....                  (boots currently unavailable)
Stlth    +++.......             (no amulet)
HPRegen  0.20/turn              w - +4 ring of evasion
MPRegen  0.15/turn              i - +3 ring of evasion

@: spider-form, lightly drained
A: tiny, distributed training, strong nose
a: End Transformation, Heroism, Renounce Religion


You were on level 6 of the Dungeon.
You worshipped Okawaru.
Okawaru was aware of your devotion.
You were not hungry.
You were a venomous arachnid creature.
You visited 2 branches of the dungeon, and saw 8 of its levels.
You also visited: Ossuary.

You collected 366 gold pieces.

Inventory:

Hand Weapons
 b - a +3 mace of venom
 o - a cursed +0 great sword (melded)
 B - a +0 flail of draining
Missiles
 a - 112 arrows
 c - 25 poisoned darts
 h - 195 stones (quivered)
 p - 6 boomerangs
Armour
 f - a +0 cloak (melded)
 k - a +0 robe (melded)
 C - a +0 helmet of intelligence (melded)
Magical Staves
 q - an uncursed staff of conjuration
Jewellery
 i - a +3 ring of evasion (right front leg)
 n - an uncursed ring of flight
 w - a +4 ring of evasion (left front leg)
 y - an uncursed ring of see invisible
Wands
 r - a wand of digging (4)
 t - a wand of random effects (29)
Scrolls
 m - a scroll of fear
 s - 3 scrolls of identify
 v - a scroll of enchant weapon
 x - a scroll of enchant armour {unknown}
 A - a scroll of teleportation
Potions
 e - a potion of lignification {unknown}
 g - a potion of cancellation {unknown}
 j - 4 potions of heal wounds {unknown}
 l - 2 potions of curing {unknown}
 u - a potion of might
Comestibles
 d - 6 rations
 z - 2 chunks of flesh


   Skills:
 + Level 4.4(3.9) Fighting
 + Level 3.5(3.0) Short Blades
 + Level 3.5(3.0) Long Blades
 + Level 3.5(3.0) Axes
 + Level 3.5(3.0) Maces & Flails
 + Level 3.5(3.0) Polearms
 + Level 3.5(3.0) Staves
 + Level 3.5(3.0) Slings
 + Level 3.5(3.0) Bows
 + Level 3.5(3.0) Crossbows
 + Level 3.5(3.0) Throwing
 + Level 3.5(3.0) Armour
 + Level 5.9(5.3) Dodging
 + Level 3.5(3.0) Stealth
 + Level 3.5(3.0) Shields
 + Level 7.5(6.9) Unarmed Combat
 + Level 6.2(5.6) Spellcasting
 + Level 2.9(2.4) Conjurations
 + Level 2.9(2.4) Hexes
 + Level 2.9(2.4) Charms
 + Level 2.9(2.4) Summonings
 + Level 2.9(2.4) Necromancy
 + Level 2.9(2.4) Translocations
 + Level 4.8(4.3) Transmutations
 + Level 2.9(2.4) Fire Magic
 + Level 2.9(2.4) Ice Magic
 + Level 2.9(2.4) Air Magic
 + Level 2.9(2.4) Earth Magic
 + Level 2.9(2.4) Poison Magic
 + Level 3.9(3.4) Invocations
 + Level 3.5(3.0) Evocations


You had 9 spell levels left.
You knew the following spells:

 Your Spells              Type           Power        Failure   Level  Hunger
a - Petrify               Tmut/Erth      ##......     58%         4    ####...
n - Sticks to Snakes      Tmut           ###.....     12%         2    #......
u - Spider Form           Tmut/Pois      ##........   28%         3    ###....
y - Beastly Appendage     Tmut           ###...       10%         1    None

Your spell library contained the following spells:

 Spells                   Type           Power        Failure   Level  Hunger
 Confusing Touch          Hex            ##....       16%         1    None
 Confuse                  Hex            ##......     36%         3    ###....
 Gell's Gravitas          Tloc           ##........   36%         3    ###....
 Ice Form                 Ice/Tmut       ##......     58%         4    ####...
 Blade Hands              Tmut           ###.......   77%         5    ######.
 Yara's Violent Unravell  Hex/Tmut       ##........   87%         5    ######.
 Metabolic Englaciation   Hex/Ice        ##........   94%         5    ######.


Dungeon Overview and Level Annotations

Branches:
Dungeon (7/15)             Temple (1/1) D:5         Ossuary (visited)

Altars:
Ashenzari
Cheibriados
Dithmenos
Elyvilon
Fedhas
Gozag
Hepliaklqana
Kikubaaqudgha
Makhleb
Nemelex Xobeh
Okawaru
Qazlal
Ru
Sif Muna
Trog
Uskayaw
Vehumet
Xom
Yredelemnul
Zin
The Shining One

Shops:
D:4 *


Innate Abilities, Weirdness & Mutations

Your experience applies equally to all skills.
((You have very sharp teeth.))
Your uncanny sense of smell can sniff out nearby items.


Message History

The bullfrog closely misses you.
The wight hits you with a cursed +3 battleaxe!
* * * LOW HITPOINT WARNING * * *
You feel drained.
* * * LOW HITPOINT WARNING * * *
You bite the wight!
The wight is severely damaged.
The bullfrog closely misses you. The bullfrog completely misses you.
Unknown command.
You hit the wight.
You destroy the wight!
Okawaru accepts your kill.
The bullfrog hits you but does no damage.
Unknown command.
You barely miss the bullfrog. The bullfrog misses you. The wight misses you.
You bite the bullfrog!
The bullfrog is poisoned.
The bullfrog is moderately wounded.
The bullfrog misses you. The wight closely misses you.
The wight hits you with a +0 morningstar!
You die...

#.# #.###%####.#
#.###.#.# ##. #.#
#.....))...####.#
#.#.###.. #.#
#####.).........#
#.#...... #.#
.........#.#####
#.#####<. #.#
########)#..< ####.
#.# #.#.###
########.... #.#
#.#.# #.<......._.
#.#.# #z#F#
#.#######... #.#.#
#z#s# #.# ####..
#.#.# #.#z# #.#
#..... #.#.#
#z#z#####.# #.####
#.#.# #.#.#...#.#
##.#### #.#.#
#.......#.####......
#.#(#
###.............####
#..<#
####..........# #
##### ####.####### #
#.##########


You could see a bullfrog and 2 wights.

Vanquished Creatures
  Sigmund (D:3)
  An orc warrior (D:6)
  An ice beast (D:5)
  A phantom (D:5)
  An ogre (D:5)
  3 wights (D:6)
  A crimson imp (D:6)
  2 hounds
  7 orc priests
  4 orc wizards
  2 iguanas
  A mummy (Ossuary)
  Natasha (D:4)
  6 worker ants
  A howler monkey zombie (D:5)
  Robin (D:3)
  11 adders
  A shadow imp (D:5)
  An adder skeleton (D:5)
  2 dart slugs (D:1)
  2 leopard geckos
  21 orcs
  6 giant cockroaches
  12 goblins
  9 hobgoblins
  7 jackals (D:3)
  7 kobolds
  5 quokkas
  2 ball pythons
  7 bats
  2 frilled lizards
  A leopard gecko skeleton (D:5)
  5 rats
135 creatures vanquished.

Vanquished Creatures (others)
  A goblin (D:3)
  A hobgoblin (D:3)
  A withered plant (Ossuary)
3 creatures vanquished.

Grand Total: 138 creatures vanquished

Notes
Turn   | Place    | Note
-------+----------+-------------------------------------------
     0 | D:1      | FishyPogo the Gnoll Transmuter began the quest for the Orb.
     0 | D:1      | Reached XP level 1. HP: 17/17 MP: 6/6
   192 | D:1      | Reached XP level 2. HP: 15/23 MP: 5/7
   197 | D:1      | Learned a level 2 spell: Sticks to Snakes
   775 | D:2      | Found a blossoming altar of Fedhas.
   843 | D:2      | Reached XP level 3. HP: 24/28 MP: 9/9
   871 | D:2      | Learned a level 3 spell: Spider Form
   897 | D:2      | Reached skill level 5 in Spellcasting
  1060 | D:2      | Reached skill level 1 in Invocations
  1131 | D:2      | Reached skill level 1 in Short Blades
  1131 | D:2      | Reached skill level 1 in Long Blades
  1131 | D:2      | Reached skill level 1 in Axes
  1131 | D:2      | Reached skill level 1 in Maces & Flails
  1131 | D:2      | Reached skill level 1 in Polearms
  1131 | D:2      | Reached skill level 1 in Staves
  1131 | D:2      | Reached skill level 1 in Slings
  1131 | D:2      | Reached skill level 1 in Bows
  1131 | D:2      | Reached skill level 1 in Crossbows
  1131 | D:2      | Reached skill level 1 in Throwing
  1131 | D:2      | Reached skill level 1 in Armour
  1131 | D:2      | Reached skill level 1 in Stealth
  1131 | D:2      | Reached skill level 1 in Shields
  1131 | D:2      | Reached skill level 1 in Evocations
  1375 | D:2      | Reached XP level 4. HP: 32/34 MP: 9/11
  1758 | D:3      | Found a hide-covered altar of Uskayaw.
  1783 | D:3      | Learned a level 4 spell: Petrify
  1955 | D:4      | Found a sand-covered staircase.
  1962 | Ossuary  | Entered an ossuary
  1972 | Ossuary  | Reached skill level 1 in Conjurations
  1972 | Ossuary  | Reached skill level 1 in Hexes
  1972 | Ossuary  | Reached skill level 1 in Charms
  1972 | Ossuary  | Reached skill level 1 in Summonings
  1972 | Ossuary  | Reached skill level 1 in Necromancy
  1972 | Ossuary  | Reached skill level 1 in Translocations
  1972 | Ossuary  | Reached skill level 1 in Fire Magic
  1972 | Ossuary  | Reached skill level 1 in Ice Magic
  1972 | Ossuary  | Reached skill level 1 in Air Magic
  1972 | Ossuary  | Reached skill level 1 in Earth Magic
  1972 | Ossuary  | Reached skill level 1 in Poison Magic
  2090 | D:4      | Reached XP level 5. HP: 12/40 MP: 12/12
  2311 | D:4      | Found a sparkling altar of Nemelex Xobeh.
  2887 | D:4      | Reached XP level 6. HP: 43/47 MP: 9/13
  3015 | D:4      | Found Poko's General Store.
  3127 | D:5      | Entered Level 5 of the Dungeon
  3219 | D:5      | Reached skill level 5 in Dodging
  3232 | D:5      | Noticed an ice beast
  3245 | D:5      | Killed an ice beast
  3312 | D:5      | Noticed a phantom
  3331 | D:5      | Killed a phantom
  3331 | D:5      | Reached XP level 7. HP: 26/52 MP: 9/15
  3435 | D:5      | Reached skill level 7 in Unarmed Combat
  3520 | D:6      | Found a bloodstained altar of Trog.
  3848 | D:5      | Found a staircase to the Ecumenical Temple.
  3854 | Temple   | Entered the Ecumenical Temple
  3885 | Temple   | Became a worshipper of Warmaster Okawaru
  3948 | D:3      | Noticed Sigmund
  3949 | D:3      | Reached XP level 8. HP: 47/60 MP: 16/16
  3949 | D:3      | Noticed Natasha
  3974 | D:4      | Killed Natasha
  4295 | D:3      | Killed Sigmund
  4326 | D:3      | Found a faded altar of an unknown god.
  4561 | D:3      | Found a shattered altar of Ashenzari.
  4747 | D:3      | Noticed Robin
  4765 | D:3      | Killed Robin
  4794 | D:3      | Found a shadowy altar of Dithmenos.
  4794 | D:3      | Found a glowing silver altar of Zin.
  5295 | D:6      | Reached * piety under Okawaru
  5312 | D:6      | Slain by a wight

Levels and vault maps discovered:
D:1:      eino_arrival_water_cross, layout_basic, nrook_campfire,
          grunt_decor_mini_mirrors, serial_bayou_lake_a
D:2:      layout_loops_ring, fedhas_altar_1, grunt_ministairs_10, minivault_25
D:3:      layout_loops_ring, marbit_many_paths, nicolae_overflow_crystal_walls,
          gammafunk_temple_overflow_wave,
          chequers_ecumenical_altar_simple_redux, uniq_sigmund, uniq_robin,
          uniq_natasha
D:4:      layout_loops_ring, nemelex_xobeh_ov_fountains_minmay,
          chequers_ossuary_entry_cave, serial_glass, glass_columns_a,
          glass_columns_b, serial_shops,
          nicolae_shop_temple_entry_statues_fountains
D:5:      layout_rooms, minmay_temple_entry_hall, first_ration,
          dk_rats_in_the_wall
D:6:      layout_loops_ring, chequers_serial_rivers_micro_b, bloody_trog
D:7:      layout_gridville
Temple:   nicolae_temple_x_marks_the_god

Skill      XL: |  1  2  3  4  5  6  7  8 |
---------------+-------------------------+-----
Spellcasting   | 5 6 |  6.2
Invocations    | 1 2 3 |  3.9
Short Blades   | 1 2 3 |  3.5
Long Blades    | 1 2 3 |  3.5
Axes           | 1 2 3 |  3.5
Maces & Flails | 1 2 3 |  3.5
Polearms       | 1 2 3 |  3.5
Staves         | 1 2 3 |  3.5
Slings         | 1 2 3 |  3.5
Bows           | 1 2 3 |  3.5
Crossbows      | 1 2 3 |  3.5
Throwing       | 1 2 3 |  3.5
Armour         | 1 2 3 |  3.5
Stealth        | 1 2 3 |  3.5
Shields        | 1 2 3 |  3.5
Evocations     | 1 2 3 |  3.5
Conjurations   | 1 2 |  2.9
Hexes          | 1 2 |  2.9
Charms         | 1 2 |  2.9
Summonings     | 1 2 |  2.9
Necromancy     | 1 2 |  2.9
Translocations | 1 2 |  2.9
Fire Magic     | 1 2 |  2.9
Ice Magic      | 1 2 |  2.9
Air Magic      | 1 2 |  2.9
Earth Magic    | 1 2 |  2.9
Poison Magic   | 1 2 |  2.9
Fighting       | 3 4 |  4.4
Transmutations | 4 |  4.8
Dodging        | 5 |  5.9
Unarmed Combat | 7 |  7.5

Action                   |  1- 3 |  4- 6 |  7- 9 || total
-------------------------+-------+-------+-------++-------
Melee: Unarmed           |    79 |   133 |   115 ||   327
       Kick              |     4 |     7 |     8 ||    19
       Headbutt          |     6 |     7 |     8 ||    21
       Bite              |     5 |    14 |    10 ||    29
       Punch             |     2 |       |       ||     2
       Great sword       |       |    14 |    83 ||    97
Throw: Stone             |     1 |       |       ||     1
 Cast: Beastly Appendage |    18 |    15 |     9 ||    42
       Spider Form       |       |     7 |    12 ||    19
  Use: Scroll            |       |     9 |     1 ||    10
 Stab: Sleeping          |     3 |     1 |     4 ||     8
  Eat: Chunk             |     1 |     6 |     9 ||    16
Armor: Robe              |     7 |    14 |     9 ||    30
       Skin              |       |     3 |     4 ||     7
Dodge: Dodged            |    43 |   127 |   242 ||   412
       Rpst.: Great sword |       |     3 |    37 ||    40
